 Dungeon Crawl Stone Soup version 0.28.0 (webtiles) character file.

Game seed: 5789907438078680827

0 SnakkuSnakku7 the Sneak (level 1, -1/10 HPs)
             Began as a Tengu Enchanter on Feb 5, 2022.
             Slain by a kobold (4 damage)
             ... on level 1 of the Dungeon.
             The game lasted 00:00:09 (46 turns).

SnakkuSnakku7 the Sneak (Tengu Enchanter)             Turns: 46, Time: 00:00:09

Health: -1/10      AC:  2    Str:  8    XL:     1   Next: 10%
Magic:  4/4        EV:  9    Int: 15    God:
Gold:   0          SH:  0    Dex: 14    Spells: 4/4 levels left

rFire   . . .      SeeInvis .   a - +1 dagger
rCold   . . .      Faith    .   (no shield)
rNeg    . . .      Spirit   .   b - +0 robe
rPois   .          Reflect  .   (helmet restricted)
rElec   .          Harm     .   (no cloak)
rCorr   .          Rampage  .   (no gloves)
Will    .....                   (boots unavailable)
Stlth   ++........              (no amulet)
HPRegen 0.03/turn               (no ring)
MPRegen 0.09/turn               (no ring)

@: constricted
A: beak, talons 3
a: no special abilities


You were on level 1 of the Dungeon.
You visited 1 branch of the dungeon, and saw 1 of its levels.

Inventory:

Hand Weapons
 a - a +1 dagger (weapon)
Armour
 b - a +0 robe (worn)
Scrolls
 d - a scroll of identify {unknown}
Potions
 c - a potion of invisibility


   Skills:
 + Level 0.2 Fighting
 - Level 1.1 Short Blades
 - Level 2.1 Dodging
 - Level 3.0 Stealth
 - Level 2.0 Spellcasting
 - Level 2.1 Hexes


You had 4 spell levels left.
You didn't know any spells.
Your spell library contained the following spells:

 Spells                   Type           Power      Damage    Failure   Level
 Ensorcelled Hibernation  Hex/Ice        8%         N/A       22%         2
 Confusing Touch          Hex            8%         N/A       26%         3
 Tukima's Dance           Hex            8%         N/A       26%         3
 Dazzling Flash           Conj/Hex       8%         N/A       38%         3


Dungeon Overview and Level Annotations

Branches:
Dungeon (1/15)

Altars:


Innate Abilities, Weirdness & Mutations

You have a beak for a mouth.
You have claws for feet.


Message History

Found a staircase leading out of the dungeon.
d - a scroll labelled JEPOME FIMOT
Found a spear.
Found a hunting sling.
Found 29 stones.
A rat comes into view.
A rat is nearby!
A kobold comes into view. It is wielding a +0 club.
The kobold shouts!
The rat bites you.
You hit the rat. You peck the rat, but do no damage.
The rat is heavily wounded.
A hobgoblin comes into view.
The rat misses you.
The kobold throws a stone.
The stone hits you.
You closely miss the rat.
The rat is heavily wounded.
You closely miss the rat.
The rat is heavily wounded.
The rat bites you.
The kobold throws a stone.
The stone hits you.
You are too injured to fight recklessly!
You are too injured to fight recklessly!
You barely miss the rat.
The hobgoblin shouts!
You claw the rat.
You kill the rat!
The kobold throws a stone.
The stone hits you but does no damage.
You open the door.
A ball python and a bat come into view.
Found 19 sling bullets.
The kobold throws a stone.
The stone closely misses you.
The ball python bites you but does no damage.
The ball python grabs you. The ball python constricts you.
The ball python's grasp on you weakens, but your attempt to escape fails.
The ball python closely misses you. The ball python constricts you.
You barely miss the kobold. You claw the kobold.
The kobold is severely wounded.
The ball python misses you. The ball python constricts you.
* * * LOW HITPOINT WARNING * * *
The kobold hits you with a +0 club.
You die...

.......^≈ .....♣ .<...♣
###. .....♣♣♣♣♣♣ .....
.....♣..≈≈♣♣## .....
.......^≈≈8♣#.. ......
.....♣..≈≈♣♣#.####...(.#
..P♣♣♣P.♣♣♣ #.##.S.....+
...♣♣♣♣♣♣♣ #.##@#.....#
....P♣P.≈P #.##K# #####
.......^≈≈ #.##g###
...#♣♣..≈P #).....##
...# ♣♣♣ ##.##.......
...#########.....#(####
.............#.#.#.#
########.#.#.#.#.#.#
#.#.#.#...# .


You could see a hobgoblin, a ball python and a kobold.

Vanquished Creatures
  A rat (D:1)
1 creature vanquished.

Notes
Turn   | Place    | Note
-------+----------+-------------------------------------------
     0 | D:1      | SnakkuSnakku7 the Tengu Enchanter began the quest for the
                  | Orb.
     0 | D:1      | Reached XP level 1. HP: 10/10 MP: 4/4
    46 | D:1      | Slain by a kobold

Illustrated notes

Levels and vault maps discovered:
D:1:      psy_arrival_wood_between_worlds, layout_basic,
          chequers_ecumenical_altar_simple, serial_shops, shop_scrolls

Action                   || total
-------------------------++-------
Melee: Dagger            ||     5
       Kick              ||     2
       Peck              ||     1
Armor: Robe              ||     2
Dodge: Dodged            ||     4
